 Dungeon Crawl Stone Soup version 0.19.5 (webtiles) character file.

3546 Shoikan the Basher (level 9, 0/80 HPs)
             Began as a Minotaur Berserker on Mar 15, 2017.
             Was an Elder of Trog.
             Slain by a seven-headed hydra (7 damage)
             ... on level 11 of the Dungeon.
             The game lasted 00:35:47 (5989 turns).

Shoikan the Basher (Minotaur Berserker)             Turns: 5989, Time: 00:35:50

Health: 0/80       AC: 17    Str: 21    XL:     9   Next: 83%
Magic:  8/8        EV:  9    Int:  4    God:    Trog [****..]
Gold:   0          SH:  0    Dex: 14    Spells: 0 memorised, 8 levels left

rFire  + . .     SeeInvis .     v - +1 morningstar (holy)
rCold  x . .     Gourm    +     F - +0 plate armour
rNeg   . . .     Faith    .     (no shield)
rPois  .         Spirit   .     (helmet restricted)
rElec  .         Reflect  .     (no cloak)
rCorr  .         Harm     .     b - +0 pair of gloves
MR     .....                    C - +0 pair of boots {run}
Stlth  ..........               r - amulet of the gourmand
                                (no ring)
                                H - ring of fire

@: quick
A: retaliatory headbutt, horns 2
a: Berserk, Trog's Hand, Brothers in Arms, Burn Spellbooks, Renounce Religion


You were on level 11 of the Dungeon.
You worshipped Trog.
Trog was greatly pleased with you.
You were completely stuffed.

You visited 2 branches of the dungeon, and saw 10 of its levels.
You also visited: Sewer and Ossuary.

Inventory:

Hand Weapons
 v - a +1 morningstar of holy wrath (weapon)
Armour
 b - a +0 pair of gloves (worn)
 o - a +2 scale mail of cold resistance
 C - a +0 pair of boots of running (worn)
 F - a +0 plate armour (worn)
Jewellery
 r - an amulet of the gourmand (around neck)
 H - a ring of fire (left hand)
Wands
 e - a wand of iceblast (3/15)
 q - a wand of acid (3/15)
 u - a wand of disintegration (20/24)
 x - a wand of confusion (27/48)
 y - a wand of iceblast (3/15)
Scrolls
 d - 7 scrolls of teleportation
 g - a scroll of acquirement {unknown}
 i - 4 scrolls of enchant weapon
 j - a scroll of random uselessness {unknown}
 w - 2 scrolls of noise {unknown}
 A - 2 scrolls of fear
 B - 2 scrolls of immolation {unknown}
 G - a scroll of enchant armour {unknown}
 J - a scroll of magic mapping {unknown}
Potions
 h - a potion of haste
 k - 3 potions of flight
 m - 2 potions of ambrosia {unknown}
 n - a potion of resistance {unknown}
 t - 2 potions of mutation {unknown}
 z - 2 potions of might {unknown}
 D - 3 potions of curing
 E - a potion of beneficial mutation {unknown}
 K - 3 potions of agility
 L - 2 potions of cancellation {unknown}
Comestibles
 c - 6 bread rations
 f - a slice of pizza
 l - 3 meat rations
 s - a beef jerky


   Skills:
 + Level 7.7 Fighting
 + Level 11.8 Maces & Flails
 + Level 9.5 Armour
 + Level 4.5 Dodging


You had 8 spell levels left.
You didn't know any spells.

Dungeon Overview and Level Annotations

Branches:
Dungeon (8/15)             Temple (1/1) D:5
   Lair: D:8-11

Altars:
Ashenzari
Dithmenos
Elyvilon
Hepliaklqana
Makhleb
Nemelex Xobeh
Okawaru
Ru
Sif Muna
Trog
Uskayaw
Vehumet
Xom
Yredelemnul
Zin
The Shining One

Annotations:
D:8 Maurice


Innate Abilities, Weirdness & Mutations

You reflexively headbutt those who attack you in melee.
You have a pair of horns on your head.


Message History

You hit the seven-headed hydra but do no damage.
You headbutt the seven-headed hydra!
The seven-headed hydra is heavily wounded.
The seven-headed hydra barely misses you. x3
The seven-headed hydra bites you. The seven-headed hydra bites you! x3
* * * LOW HITPOINT WARNING * * *
You impale the seven-headed hydra!! You headbutt the seven-headed hydra!
The seven-headed hydra is almost dead.
The seven-headed hydra bites you.
* * * LOW HITPOINT WARNING * * *
The seven-headed hydra bites you but does no damage.
The seven-headed hydra bites you.
* * * LOW HITPOINT WARNING * * *
The seven-headed hydra bites you.
* * * LOW HITPOINT WARNING * * *
The seven-headed hydra barely misses you.
The seven-headed hydra bites you.
* * * LOW HITPOINT WARNING * * *
The seven-headed hydra bites you!
You die...

#. #.# #.#
#.# ### #.#
.... #.#
.....
#.###..$...
+..@Do.....
#.###o.....
#.# .....
#.# ....
#.# ... #.#
.. #.# .
#.# ##'###


You could see a seven-headed hydra, an orc warrior and an orc.

Vanquished Creatures
  The ghost of Shoikan the Basher, a novice MiBe of Trog (D:6)
  Pikel (D:5)
  The ghost of Lizzreth the Poker, a novice FoFi of Hepliaklqana (D:5)
  A hippogriff (D:11)
  Menkaure (D:5)
  Duvessa (D:5)
  A sky beast (D:6)
  An ice beast (D:5)
  A centaur (D:5)
  3 ogres
  A crocodile (Sewer)
  4 bullfrogs
  An elf zombie (Ossuary)
  Dowan (D:5)
  A scorpion (D:4)
  3 howler monkeys (D:4)
  5 human zombies (Ossuary)
  6 centaur zombies (Ossuary)
  An orc priest (D:3)
  Crazy Yiuf (D:6)
  Ijyb (D:3)
  An iguana (D:3)
  An orc wizard (D:3)
  5 worker ants
  A killer bee zombie (D:7)
  3 mummies (Ossuary)
  A gnoll (D:1)
  7 adders
  A river rat (D:4)
  A shadow imp (D:6)
  An ooze (D:6)
  4 worms
  A dart slug (D:2)
  3 leopard geckos
  7 orcs
  5 giant cockroaches
  8 goblins
  10 hobgoblins
  6 jackals
  7 kobolds
  2 quokkas
  A ball python (D:7)
  7 bats
  7 frilled lizards
  A jackal skeleton (D:4)
  6 rats
134 creatures vanquished.

Vanquished Creatures (others)
  A giant cockroach (D:5)
  A quokka (D:5)
2 creatures vanquished.

Grand Total: 136 creatures vanquished

Notes
Turn   | Place    | Note
-------+----------+-------------------------------------------
     0 | D:1      | Shoikan the Minotaur Berserker began the quest for the Orb.
     0 | D:1      | Reached XP level 1. HP: 19/19 MP: 0/0
   208 | D:1      | Reached skill level 4 in Maces & Flails
   208 | D:1      | Reached XP level 2. HP: 27/27 MP: 1/1
   356 | D:1      | Reached XP level 3. HP: 34/34 MP: 2/2
   634 | D:2      | Reached ** piety under Trog
   955 | D:2      | Found a sacrificial altar of Ru.
  1432 | D:3      | Reached XP level 4. HP: 41/41 MP: 3/3
  1561 | D:3      | Noticed Ijyb
  1568 | D:3      | Killed Ijyb
  1568 | D:3      | Reached skill level 5 in Fighting
  1606 | D:3      | Reached skill level 5 in Maces & Flails
  1671 | D:3      | Reached XP level 5. HP: 48/48 MP: 4/4
  1795 | D:3      | Found a radiant altar of Vehumet.
  2225 | D:4      | Reached XP level 6. HP: 52/56 MP: 5/5
  2235 | D:4      | Reached skill level 6 in Maces & Flails
  2340 | D:4      | Reached *** piety under Trog
  2352 | D:4      | Found a glowing drain.
  2357 | Sewer    | Entered a sewer
  2444 | Sewer    | Identified a +0 pair of boots of running (You found it in a sewer)
  3036 | D:5      | Entered Level 5 of the Dungeon
  3105 | D:5      | Noticed Lizzreth's ghost (novice FoFi)
  3113 | D:5      | Killed Lizzreth's ghost
  3113 | D:5      | Reached skill level 7 in Maces & Flails
  3113 | D:5      | Reached skill level 5 in Armour
  3113 | D:5      | Reached XP level 7. HP: 49/62 MP: 6/6
  3304 | D:5      | Noticed Pikel
  3313 | D:5      | Killed Pikel
  3313 | D:5      | Reached skill level 8 in Maces & Flails
  3313 | D:5      | Reached XP level 8. HP: 50/70 MP: 7/7
  3445 | D:5      | Noticed Menkaure
  3446 | D:5      | Noticed Dowan
  3447 | D:5      | Noticed Duvessa
  3449 | D:5      | Killed Menkaure
  3456 | D:5      | Killed Duvessa
  3462 | D:5      | Killed Dowan
  3462 | D:5      | Reached skill level 9 in Maces & Flails
  3495 | D:5      | Found a staircase to the Ecumenical Temple.
  3517 | Temple   | Entered the Ecumenical Temple
  3973 | D:5      | Found a shimmering altar of Xom.
  3974 | D:5      | Found a shimmering altar of Xom.
  3986 | D:5      | Found a shimmering altar of Xom.
  4309 | D:6      | Reached XP level 9. HP: 78/78 MP: 8/8
  4440 | D:6      | Found a runed door.
  4552 | D:6      | Noticed Shoikan's ghost (novice MiBe)
  4554 | D:6      | Reached skill level 10 in Maces & Flails
  4573 | D:6      | Killed Shoikan's ghost
  4922 | D:6      | Noticed Crazy Yiuf
  4929 | D:6      | Killed Crazy Yiuf
  5111 | D:7      | Found an iron altar of Okawaru.
  5184 | D:7      | Found a shattered altar of Ashenzari.
  5240 | D:7      | Found a sand-covered staircase.
  5245 | Ossuary  | Entered an ossuary
  5272 | Ossuary  | Reached skill level 11 in Maces & Flails
  5374 | Ossuary  | Reached **** piety under Trog
  5591 | D:7      | Found a glowing golden altar of the Shining One.
  5591 | D:7      | Found a hazy altar of Hepliaklqana.
  5591 | D:7      | Found a glowing silver altar of Zin.
  5711 | D:8      | Noticed Maurice
  5912 | D:8      | You fall through a shaft for 3 floors!
  5978 | D:11     | Noticed a seven-headed hydra
  5989 | D:11     | Slain by a seven-headed hydra

Skill      XL: |  1  2  3  4  5  6  7  8  9 |
---------------+----------------------------+-----
Fighting       | 4 5 6 7 |  7.7
Maces & Flails | 4 5 7 8 9 11 | 11.8
Armour         | 3 4 5 7 8 9 |  9.5
Dodging        | 3 4 |  4.5

Action                   |  1- 3 |  4- 6 |  7- 9 || total
-------------------------+-------+-------+-------++-------
Melee: Mace              |    68 |    76 |       ||   144
       Headbutt          |    13 |    29 |    42 ||    84
       Morningstar       |       |    66 |   191 ||   257
Invok: Berserk           |       |     1 |     4 ||     5
       Burn Spellbooks   |       |       |     2 ||     2
       Trog's Hand       |       |       |     1 ||     1
  Use: Scroll            |     4 |     4 |     3 ||    11
       Potion            |       |     2 |     1 ||     3
 Stab: Sleeping          |     1 |       |       ||     1
  Eat: Chunk             |     1 |    12 |    22 ||    35
Armor: Ring mail         |    12 |       |       ||    12
       Scale mail        |    14 |    65 |    16 ||    95
       Chain mail        |     9 |       |       ||     9
       Plate armour      |       |       |    63 ||    63
Dodge: Dodged            |    33 |    70 |    68 ||   171
